 Dungeon Crawl Stone Soup version 0.21-a0-41-g5e91fef (webtiles) character file.

468 roguesci the Skirmisher (level 6, 0/52 HPs)
             Began as a Draconian Ice Elementalist on June 4, 2017.
             Succumbed to an orc wizard's poison
             ... on level 3 of the Dungeon.
             The game lasted 00:21:25 (6172 turns).

roguesci the Skirmisher (DrIE)                      Turns: 6172, Time: 00:21:25

Health: 0/52       AC:  9    Str: 10    XL:     6   Next: 81%
Magic:  5/10       EV: 13    Int: 18    God:
Gold:   165        SH:  0    Dex: 11    Spells: 7/11 levels left

rFire    . . .     SeeInvis .   o - +3 short sword (venom)
rCold    . . .     Gourm    .   (no shield)
rNeg     . . .     Faith    .   (armour unavailable)
rPois    .         Spirit   .   (helmet restricted)
rElec    .         Reflect  .   (no cloak)
rCorr    .         Harm     .   e - +1 pair of gloves
MR       .....                  c - +0 pair of boots
Stlth    ++........             (no amulet)
Regen    0.2/turn               (no ring)
MPRegen  0.2/turn               (no ring)

@: lethally poisoned (0 -> -4), flying
A: unfitting armour, cold-blooded, AC +6
a: no special abilities


You were on level 3 of the Dungeon.
You were not hungry.

You visited 1 branch of the dungeon, and saw 4 of its levels.

You collected 165 gold pieces.

Inventory:

Hand Weapons
 o - a +3 short sword of venom (weapon)
Missiles
 i - 57 stones (quivered)
Armour
 c - a +0 pair of boots (worn)
 e - a +1 pair of gloves (worn)
Wands
 k - a wand of random effects (28/48)
Scrolls
 d - 3 scrolls of identify
 f - a scroll of teleportation
Books
 a - a book of Frost

   Spells                             Type                      Level
   a - Freeze                         Ice                          1
   b - Throw Frost                    Conjuration/Ice              2
   c - Ozocubu's Armour               Charms/Ice                   3
   d - Throw Icicle                   Conjuration/Ice              4
   e - Summon Ice Beast               Ice/Summoning                4
Comestibles
 b - 2 bread rations
 g - 2 meat rations


   Skills:
 * Level 3.7 Fighting
 + Level 2.9 Dodging
 + Level 3.4 Stealth
 + Level 3.1 Spellcasting
   Level 1.0 Conjurations
 * Level 2.4 Charms
 + Level 3.7 Ice Magic


You had 7 spell levels left.
You knew the following spells:

 Your Spells              Type           Power        Failure   Level  Hunger
a - Freeze                Ice            ###.         3%          1    None
b - Ozocubu's Armour      Chrm/Ice       ##......     14%         3    ###....


Dungeon Overview and Level Annotations

Branches:
Dungeon (4/15)
 Temple: D:4-7

Altars:

Annotations:
D:4 Graouh's ghost, amateur MiFi


Innate Abilities, Weirdness & Mutations

Your plain brown scales are hard. (AC +6)
You cannot fit into any form of body armour.
You are cold-blooded and may be slowed by cold attacks.


Message History

The orc wizard casts a spell.
The orc wizard blinks!
You aren't carrying any potions.
Casting: Freeze
Confirm with . or Enter, or press ? or * to list all spells.
Okay, then.
* * * LOW HITPOINT WARNING * * *
You feel sick.
As you read the scroll labeled UZUFEC WEHATUPTIST, it crumbles to dust.
You feel momentarily disoriented.
It was a scroll of magic mapping.
As you read the scroll labeled JUGIATH OQEURA, it crumbles to dust.
You assume a fearsome visage.
Nothing appears to happen.
It was a scroll of fear.
Your icy armour evaporates.
You feel yourself speed up.
* * * LOW HITPOINT WARNING * * *
You feel sick.
As you read the scroll labeled SIHIEGO TUMIE, it crumbles to dust.
It is a scroll of enchant weapon.
Your +2 short sword of venom glows red for a moment.
You die...

##....###......[..####...#.#####
##.#.# ##.....[>## #........#
#####.#####....[## #.###.##.#
#........###...## #.# #.##.#
#.###.##.# ##'## #.###.##.#
#.#...##.# #)# #.....##.#
#.#.####.# #.# #..#####.#
#........# ##.########..# #.#
###>########...@....##..#####.#
##...## ##....#.##.##........#
#.#.#.####....###.#.###.#######
#.#........##..#(.......#
#.###.#######.#.###.#####
##...## #.### #.# #####
#.#####.# #.......# #########


There were no monsters in sight!

Vanquished Creatures
  The ghost of blackwizard the Caller, a weakling TrSu (D:3)
  A hound (D:3)
  5 orc priests
  3 orc wizards (D:3)
  A worker ant (D:3)
  6 adders
  2 dart slugs
  3 worms
  2 leopard geckos
  12 orcs
  2 giant cockroaches
  7 goblins
  10 hobgoblins
  6 jackals
  2 quokkas (D:3)
  9 bats
  5 frilled lizards
  5 kobolds
  9 rats
91 creatures vanquished.

Notes
Turn   | Place    | Note
-------+----------+-------------------------------------------
     0 | D:1      | roguesci the Draconian Ice Elementalist began the quest for the Orb.
     0 | D:1      | Reached XP level 1. HP: 14/14 MP: 3/3
   297 | D:1      | Reached XP level 2. HP: 16/20 MP: 0/5
   364 | D:1      | Reached skill level 1 in Fighting
   841 | D:1      | Reached XP level 3. HP: 28/28 MP: 3/6
   852 | D:1      | Learned a level 3 spell: Ozocubu's Armour
  1535 | D:2      | Reached XP level 4. HP: 31/36 MP: 5/7
  2740 | D:3      | Reached skill level 1 in Charms
  2740 | D:3      | Reached XP level 5. HP: 37/44 MP: 1/9
  2775 | D:3      | Noticed blackwizard's ghost (weakling TrSu)
  3036 | D:3      | Killed blackwizard's ghost
  3705 | D:3      | Reached XP level 6. HP: 8/51 MP: 5/10
  4220 | D:4      | Noticed Graouh's ghost (amateur MiFi)
  6169 | D:3      | HP: 1/52 [poisoned by an orc wizard]
  6172 | D:3      | Succumbed to an orc wizard's poison

Vault maps used:
D:1:      elethiomel_arrival_fortress_basement
D:2:      minmay_pentomino_q2
D:4:      grunt_temple_overflow_open, dancing_weapons_uskayaw,
          minmay_temple_entry_trees, first_bread

Skill      XL: |  1  2  3  4  5  6 |
---------------+-------------------+-----
Stealth        | 2 3 |  3.4
Fighting       | 1 2 3 |  3.7
Dodging        | 2 |  2.9
Charms         | 1 2 |  2.4
Spellcasting   | 3 |  3.1
Conjurations   | |  1.0
Ice Magic      | |  3.7

Action                   |  1- 3 |  4- 6 || total
-------------------------+-------+-------++-------
Melee: Unarmed           |    57 |    55 ||   112
       Tailslap          |     7 |    14 ||    21
       Short sword       |    39 |    90 ||   129
Throw: Stone             |       |    20 ||    20
 Cast: Freeze            |    56 |   125 ||   181
       Ozocubu's Armour  |       |    15 ||    15
Evoke: Wand              |       |     9 ||     9
  Use: Potion            |     3 |     5 ||     8
       Scroll            |     2 |    11 ||    13
 Stab: Sleeping          |     1 |     1 ||     2
  Eat: Chunk             |     3 |     7 ||    10
       Meat ration       |       |     1 ||     1
       Bread ration      |       |     1 ||     1
       Fruit             |       |     1 ||     1
Armor: Skin              |    65 |   100 ||   165
Dodge: Dodged            |   134 |   150 ||   284
